 Dungeon Crawl Stone Soup version 0.30-a0-743-gbfdf073431 (webtiles) character file.

Game seed: 2037068597228647909

1105 Lavandula the Slasher (level 8, 33/58 HPs)
             Began as a Human Monk on Feb 6, 2023.
             Was a Priest of Elyvilon.
             Quit the game on level 5 of the Dungeon.
             The game lasted 00:08:20 (4982 turns).

Lavandula the Slasher (Human Monk)                  Turns: 4982, Time: 00:08:21

Health: 33/58      AC:  7    Str: 14    XL:     8   Next: 58%
Magic:  10/10      EV: 12    Int: 10    God:    Elyvilon [***...]
Gold:   219        SH:  0    Dex: 16    Spells: 7/7 levels left

rFire   . . .      SeeInvis .    v - +1 dagger (venom)
rCold   . . .      Faith    .    (no shield)
rNeg    . . .      Spirit   +    A - +3 leather armour
rPois   .          Reflect  .    i - +0 helmet
rElec   .          Harm     .    (no cloak)
rCorr   .          Rampage  .    (no gloves)
Will    .....                    (no boots)
Stlth   ++                       o - amulet of guardian spirit
HPRegen 0.29/turn                (no ring)
MPRegen 0.12/turn                (no ring)

@: no status effects
A: no striking features
a: Renounce Religion, Purification, Heal Other, Heal Self


You were on level 5 of the Dungeon.
You worshipped Elyvilon.
Elyvilon was most pleased with you.
You visited 2 branches of the dungeon, and saw 7 of its levels.

You collected 219 gold pieces.

Inventory:

Hand Weapons
 a - a +0 falchion
 c - a +4 dagger of pain
 v - a +1 dagger of venom (weapon)
Missiles
 f - 4 poisoned darts
 k - 7 javelins (quivered)
 p - 10 boomerangs
Armour
 b - a +0 robe
 g - a +0 scale mail
 i - a +0 helmet (worn)
 q - a +1 robe of positive energy
 A - a +3 leather armour (worn)
Jewellery
 n - a ring of ice
 o - an amulet of guardian spirit (around neck)
 x - a ring of fire
Wands
 r - a wand of mindburst (21)
 w - a wand of roots (10)
Scrolls
 d - 3 scrolls of identify
 j - 2 scrolls of poison {unknown}
 m - 4 scrolls of teleportation {unknown}
 t - 2 scrolls of fog
 y - a scroll of vulnerability {unknown}
Potions
 e - 2 potions of resistance {unknown}
 h - a potion of brilliance {unknown}
 l - a potion of heal wounds {unknown}
 s - a potion of magic {unknown}
 u - a potion of berserk rage {unknown}
 z - a potion of cancellation {unknown}


   Skills:
 - Level 3.0 Fighting
 + Level 5.4(7.2) Short Blades
 - Level 7.3(8.2) Long Blades
 - Level 3.0 Dodging
 - Level 2.0 Stealth
 - Level 3.1 Invocations
 - Level 1.9 Evocations


You had 7 spell levels left.
You didn't know any spells.
Your spell library contained the following spells:

 Spells                   Type           Power      Damage    Failure   Level
 Ensorcelled Hibernation  Hex/Ice        0%         N/A       58%         2
 Passwall                 Tmut/Erth      0%         N/A       58%         2
 Static Discharge         Conj/Air       0%         2-2/arc   58%         2
 Swiftness                Air            0%         N/A       82%         3
 Vhi's Electric Charge    Tloc/Air       0%         N/A       82%         3
 Arcjolt                  Conj/Air       0%         1d10      100%        5
 Lightning Bolt           Conj/Air       0%         1d11      100%        5


Dungeon Overview and Level Annotations

Branches:
Dungeon (6/15)             Temple (1/1) D:4

Altars:
Ashenzari
Dithmenos
Elyvilon
Fedhas
Gozag
Hepliaklqana
Kikubaaqudgha
Makhleb
Nemelex Xobeh
Qazlal
Ru
Sif Muna
Trog
Uskayaw
Vehumet
Yredelemnul
Zin
The Shining One

Annotations:
D:3 1 exclusion


Message History

You barely miss the water moccasin.
The water moccasin is severely wounded.
You feel sick.
The water moccasin bites you but does no damage.
You hit the water moccasin.
The water moccasin is severely wounded.
You feel sick. The water moccasin bites you.
You are more poisoned.
The water moccasin poisons you!
You hit the water moccasin.
The water moccasin looks as sick as possible!
The water moccasin is almost dead.
You feel very sick.
You kill the water moccasin!
Your base Short Blades skill increases to level 5!
No target in view!
No target in view!
You feel very sick.
You climb upwards.
You feel very sick.
There is a stone staircase leading down here.
You feel sick.
You feel sick.
You feel sick.
You feel sick.
You see here a +2 dagger of distortion.
You feel sick.
You feel sick.
You feel sick.
You are no longer poisoned.
There is a stone staircase leading down here.
There is a stone staircase leading down here.
As you read the scroll labelled ZEBLEU TANU, it crumbles to dust.
It is a scroll of identify.
t - 3 scrolls of fog
As you read the scroll of fog, it crumbles to dust.
The scroll dissolves into smoke.
Okay, then.
Unknown command.
Are you sure you want to abandon this character and quit the game? (Confirm with "yes".)

########.## ##....
#.........###..#.)
#.........##..##..
#.........##.#....
#.........##.....<
##............)....
##§§.§.........##...
##§§§§§..............
#.§§@§...............
#..§§§...........#...
#..§§§§..........#...
#................####
#................#
#................#
##.........>...)##
##.....##.....##
##############


There were no monsters in sight!

Vanquished Creatures
  A water moccasin (D:6)
  A black bear (D:4)
  A centaur (D:5)
  2 phantoms
  A bullfrog (D:6)
  A necrophage (D:4)
  A howler monkey (D:4)
  A jelly (D:6)
  An orc priest (D:5)
  4 hounds
  A gnoll bouda (D:5)
  Jessica (D:3)
  3 iguanas
  Robin (D:2)
  7 gnolls
  5 adders
  An ufetubus (D:4)
  2 worms
  A dart slug (D:4)
  6 orcs
  5 endoplasms
  3 giant cockroaches
  12 goblins
  10 hobgoblins
  6 jackals
  7 kobolds
  5 quokkas
  3 ball pythons
  7 bats
  A frilled lizard (D:1)
  7 rats
108 creatures vanquished.

Vanquished Creatures (others)
  6 plants (D:5)
6 creatures vanquished.

Grand Total: 114 creatures vanquished

Notes
Turn   | Place    | Note
-------+----------+-------------------------------------------
     0 | D:1      | Lavandula the Human Monk began the quest for the Orb.
     0 | D:1      | Reached XP level 1. HP: 18/18 MP: 1/1
   140 | D:1      | Reached XP level 2. HP: 24/24 MP: 2/2
   302 | D:1      | Found a faded altar of an unknown god.
   638 | D:1      | Reached skill level 4 in Long Blades
   638 | D:1      | Reached XP level 3. HP: 29/29 MP: 3/3
   833 | D:2      | Noticed Robin
   852 | D:2      | Killed Robin
   931 | D:2      | Reached XP level 4. HP: 35/35 MP: 4/4
   934 | D:2      | Found a hazy altar of Hepliaklqana.
  1187 | D:2      | Reached skill level 5 in Long Blades
  1538 | D:3      | HP: 1/35 [gnoll/+0 halberd (10)]
  1541 | D:3      | Reached XP level 5. HP: 11/41 MP: 5/5
  1653 | D:3      | Noticed a phantom
  1685 | D:3      | Killed a phantom
  1686 | D:3      | Reached skill level 6 in Long Blades
  1785 | D:3      | Noticed Jessica
  1788 | D:3      | Killed Jessica
  1789 | D:3      | Reached XP level 6. HP: 40/47 MP: 4/6
  2138 | D:4      | Reached skill level 1 in Short Blades
  2341 | D:4      | Reached XP level 7. HP: 46/52 MP: 5/7
  2435 | D:4      | Found a staircase to the Ecumenical Temple.
  2461 | D:4      | Reached skill level 7 in Long Blades
  2498 | Temple   | Entered the Ecumenical Temple
  2807 | Temple   | Became a worshipper of Elyvilon the Healer
  2807 | Temple   | Reached * piety under Elyvilon
  2807 | Temple   | Reached ** piety under Elyvilon
  3540 | D:5      | Entered Level 5 of the Dungeon
  3718 | D:5      | Reached skill level 1 in Evocations
  3852 | D:5      | Reached skill level 1 in Invocations
  3852 | D:5      | Reached XP level 8. HP: 31/55 MP: 5/8
  4077 | D:5      | HP: 1/58 [orc priest/divine providence (11)]
  4882 | D:6      | Reached *** piety under Elyvilon
  4963 | D:6      | Reached skill level 5 in Short Blades
  4982 | D:5      | Quit the game

Illustrated notes

Levels and vault maps discovered:
D:1:      scummos_arrival_simple_fountains, layout_basic,
          shapermc_ecumenical_altar_acropolis, amcnicky_mini_corridor_feature,
          amcnicky_mini_rare_corridor_liquid
D:2:      layout_basic, basic_altar, uniq_robin
D:3:      lemuel_castle_with_subvaults [lemuel_castle_interior_carwin_2],
          layout_loops_ring, uniq_jessica
D:4:      layout_basic, minmay_temple_entry_drinking_statues,
          grunt_ministairs_13
D:5:      layout_rooms, serial_bayou_crossing
D:6:      layout_rooms, dreamdust_gnoll_farm, uniq_grinder
Temple:   mainiacjoe_temple_cubbyholes

Skill      XL: |  1  2  3  4  5  6  7  8 |
---------------+-------------------------+-----
Long Blades    | 4 5 6 7 |  7.3
Short Blades   | 2 3 5 |  5.4
Evocations     | 1 |  1.9
Invocations    | 1 3 |  3.1
Fighting       | |  3.0
Dodging        | |  3.0
Stealth        | |  2.0

Action                     |  1- 3 |  4- 6 |  7- 9 || total
---------------------------+-------+-------+-------++-------
  Melee: Falchion          |    94 |   145 |    29 ||   268
         Punch             |     1 |     2 |     1 ||     4
         Dagger            |       |    16 |   178 ||   194
  Throw: Javelin           |       |       |     2 ||     2
  Evoke: Wand              |       |       |     1 ||     1
    Use: Potion            |       |     1 |     1 ||     2
         Scroll            |       |       |     2 ||     2
   Stab: Sleeping          |     2 |       |       ||     2
 Armour: Robe              |     2 |       |       ||     2
         Scale mail        |     8 |    64 |    71 ||   143
         Leather armour    |       |       |    12 ||    12
  Dodge: Dodged            |    59 |    97 |   100 ||   256

Table legend: (Time is in decaauts)
 A = Elapsed time spent in this place.
 B = Non-inter-level travel time spent in this place.
 C = Inter-level travel time spent in this place.
 D = Time resting spent in this place.
 E = Time spent auto-exploring this place.
 F = Levels seen in this place.
 G = Mean time per level.
                   A        B        C        D        E       F      G
               +--------+--------+--------+--------+--------+-----+--------+
         Total |   4934 |   4489 |    445 |    739 |   2779 |   7 |  704.9 |
       Dungeon |   4587 |   4179 |    408 |    739 |   2479 |   6 |  764.5 |
        Temple |    347 |    310 |     37 |      0 |    300 |   1 |  347.0 |
               +--------+--------+--------+--------+--------+-----+--------+

Top non-repeatable levels by time:
     D:4: 1220 daAuts
     D:5: 948 daAuts
     D:1: 866 daAuts
     D:3: 792 daAuts
     D:2: 570 daAuts
  Temple: 347 daAuts
     D:6: 189 daAuts
